 Dungeon Crawl Stone Soup version 0.22.1-6-g1668fe2 (webtiles) character file.

205 Fang the Chopper (level 5, -3/33 HPs)
             Began as a Gargoyle Berserker on Jan 31, 2019.
             Was a Believer of Trog.
             Slain by an orc
             ... wielding a +0 trident
              (5 damage)
             ... on level 4 of the Dungeon.
             The game lasted 00:03:37 (2721 turns).

Fang the Chopper (Gargoyle Berserker)               Turns: 2721, Time: 00:03:38

Health: -3/33      AC:  6    Str: 21    XL:     5   Next: 83%
Magic:  5/5        EV: 12    Int:  8    God:    Trog [**....]
Gold:   148        SH:  0    Dex:  9    Spells: 4/4 levels left

rFire    . . .     SeeInvis .   a - +0 hand axe
rCold    . . .     Gourm    .   (no shield)
rNeg     + . .     Faith    .   b - +0 animal skin
rPois    ∞         Spirit   .   (no helmet)
rElec    +         Reflect  .   (no cloak)
rCorr    .         Harm     .   (no gloves)
MR       .....                  (no boots)
Stlth    +.........             (no amulet)
HPRegen  0.11/turn              (no ring)
MPRegen  0.09/turn              (no ring)

@: no status effects
A: negative energy resistance 1, electricity resistance, unbreathing,
petrification resistance, rot immunity, AC +4
a: Berserk, Trog's Hand, Renounce Religion


You were on level 4 of the Dungeon.
You worshipped Trog.
Trog was pleased with you.
You were hungry.

You visited 1 branch of the dungeon, and saw 4 of its levels.

You collected 148 gold pieces.

Inventory:

Hand Weapons
 a - a +0 hand axe (weapon)
Armour
 b - a +0 animal skin (worn)
Scrolls
 d - a scroll of magic mapping {unknown}
 e - 5 scrolls of identify {unknown}
 g - 4 scrolls of teleportation {unknown}
 h - a scroll of enchant armour {unknown}
 i - a scroll of blinking {unknown}
 j - 2 scrolls of enchant weapon {unknown}
 l - 2 scrolls of amnesia {unknown}
 o - 2 scrolls of remove curse {unknown}
 s - a scroll of fear {unknown}
Potions
 f - a potion of degeneration {unknown}
 k - a potion of flight {unknown}
 m - a potion of ambrosia {unknown}
 n - a potion of heal wounds {unknown}
 p - a potion of invisibility {unknown}
 q - a potion of lignification {unknown}
 r - a potion of resistance {unknown}
 t - a potion of might {unknown}
Comestibles
 c - 3 rations


   Skills:
 + Level 4.2 Fighting
 + Level 4.4 Axes
 + Level 2.4 Armour
 + Level 2.4 Dodging
 + Level 1.3 Stealth


You had 4 spell levels left.
You didn't know any spells.
Your spell library was empty.

Dungeon Overview and Level Annotations

Branches:
Dungeon (4/15)
 Temple: D:4-7

Altars:


Innate Abilities, Weirdness & Mutations

You are resistant to torment.
Your stone body is resilient. (AC +4)
You are immune to poison.
You resist negative energy. (rN+)
You are resistant to electric shocks. (rElec)
You can survive without breathing.
You are immune to petrification.
You are immune to rotting.


Message History

The orc barely misses you. The orc hits you but does no damage.
The orc closely misses you. The orc priest hits you with a flail.
* * * LOW HITPOINT WARNING * * *
The orc wizard hits you with a dagger.
* * * LOW HITPOINT WARNING * * *
You hit the orc priest.
You kill the orc priest!
Trog accepts your kill.
You completely miss the orc. You closely miss the orc.
You barely miss the orc wizard. The orc closely misses you.
The orc hits you from afar with a trident.
* * * LOW HITPOINT WARNING * * *
The orc closely misses you.
The orc wizard hits you but does no damage.
The orc hits you but does no damage. The orc barely misses you.
The orc wizard completely misses you. The orc barely misses you.
You see here a flail.
Unknown command.
The orc hits you with a trident.
You die...

#...
#...........
.>.<.
#.........###
#....
#.........#
....##+#$....#?#
#......##.#.#
#..(......#.#
#.o...#####
#?o)o## #.o@.#
#.$..# #....#
#....# #....#
######


You could see an orc wizard and 3 orcs.

Vanquished Creatures
  2 orc priests
  An orc wizard (D:3)
  An iguana (D:3)
  3 adders
  An ooze (D:3)
  A worm (D:3)
  2 dart slugs (D:1)
  A leopard gecko (D:1)
  6 orcs (D:3)
  4 giant cockroaches
  2 goblins
  5 hobgoblins
  2 jackals (D:3)
  7 kobolds
  A ball python skeleton (D:3)
  3 bats
  6 frilled lizards
  5 rats
53 creatures vanquished.

Vanquished Creatures (others)
  An orc (D:3)
1 creature vanquished.

Grand Total: 54 creatures vanquished

Notes
Turn   | Place    | Note
-------+----------+-------------------------------------------
     0 | D:1      | Fang the Gargoyle Berserker began the quest for the Orb.
     0 | D:1      | Reached XP level 1. HP: 14/14 MP: 1/1
   151 | D:1      | Reached XP level 2. HP: 4/19 MP: 2/2
  1136 | D:2      | Reached XP level 3. HP: 23/23 MP: 3/3
  1676 | D:3      | Reached XP level 4. HP: 27/29 MP: 4/4
  1715 | D:3      | Reached ** piety under Trog
  1911 | D:3      | HP: 1/43 [iguana (8)]
  1912 | D:3      | Reached skill level 1 in Stealth
  1912 | D:3      | Reached XP level 5. HP: 2/33 MP: 5/5
  2721 | D:4      | Slain by an orc

Skill      XL: |  1  2  3  4 |
---------------+-------------+-----
Axes           | 3 4 |  4.4
Dodging        | 2 |  2.4
Fighting       | 4 |  4.2
Stealth        | 1 |  1.3
Armour         | |  2.4

Action                   |  1- 3 |  4- 6 || total
-------------------------+-------+-------++-------
Melee: Hand axe          |    96 |    86 ||   182
Invok: Berserk           |       |     1 ||     1
 Stab: Sleeping          |     1 |     2 ||     3
  Eat: Chunk             |     1 |     5 ||     6
Armor: Animal skin       |    37 |    27 ||    64
Dodge: Dodged            |    72 |    52 ||   124
